 Dungeon Crawl Stone Soup version 0.22-a0-284-g99d1f7439c (webtiles) character file.

2042 MysteriousStreaker the Devout (level 9, -6/86 HPs)
             Began as a Naga Wanderer on Mar 19, 2018.
             Was a Priest of Zin.
             Mangled by a two-headed ogre
             ... wielding a +0 giant club
              (22 damage)
             ... on level 7 of the Dungeon on Mar 20, 2018.
             The game lasted 01:16:03 (7335 turns).

MysteriousStreaker the Devout (Naga Wanderer)       Turns: 7335, Time: 01:16:03

Health: -6/86      AC: 12    Str: 21    XL:     9   Next: 24%
Magic:  15/15      EV:  8    Int: 13    God:    Zin [***...]
Gold:   37         SH:  0    Dex: 12    Spells: 8/8 levels left

rFire    . . .     SeeInvis +   a - +2 quarterstaff
rCold    . . .     Gourm    .   (shield currently unavailable)
rNeg     . . .     Faith    .   D - +3 scale mail
rPois    +         Spirit   .   (no helmet)
rElec    .         Reflect  .   E - +0 cloak
rCorr    .         Harm     .   z - +0 pair of gloves
MR       +....                  (no barding)
Stlth    ..........             p - amulet of the acrobat
HPRegen  0.24/turn              (no ring)
MPRegen  0.14/turn              (no ring)

@: confused, mighty, very slow
A: large, see invisible, deformed body, poison resistance, slowness 2, slow
metabolism 1, spit poison 1, AC +3
a: Spit Poison, Recite, Vitalisation, Imprison, Donate Gold, Renounce Religion


You were on level 7 of the Dungeon.
You worshipped Zin.
Zin was most pleased with you.
You were very hungry.

You visited 1 branch of the dungeon, and saw 7 of its levels.

You collected 271 gold pieces.
You spent 170 gold pieces at shops.
You donated 64 gold pieces to Zin.

Inventory:

Hand Weapons
 a - a +2 quarterstaff (weapon)
 w - a cursed -1 hand axe
 C - a cursed -2 dagger
 F - a +0 morningstar
 J - the +7 hunting sling of Noihiam {speed, Int+6 Stlth-, unknown}
   (You found it on level 7 of the Dungeon)

   Attacks with this weapon are significantly faster.
   It affects your intelligence (+6).
   It makes you less stealthy.
Missiles
 m - 178 stones (quivered)
Armour
 h - a +0 buckler
 s - a +0 shield
 z - a +0 pair of gloves (worn)
 D - a +3 scale mail (worn)
 E - a +0 cloak (worn)
Jewellery
 e - an uncursed ring of stealth {unknown}
 f - an uncursed ring of magical power {unknown}
 p - an amulet of the acrobat (around neck)
 q - an uncursed ring of protection from magic {unknown}
 G - an uncursed ring of see invisible {unknown}
Scrolls
 b - 3 scrolls of teleportation
 l - a scroll of enchant weapon {unknown}
 n - a scroll of blinking {unknown}
 o - a scroll of fear
 t - a scroll of immolation {!r}
 u - a scroll of magic mapping {unknown}
 v - a scroll of amnesia {unknown}
 y - a scroll of noise {unknown}
 B - a scroll of remove curse {unknown}
Potions
 c - 3 potions of curing
 g - 2 potions of might
 i - a potion of mutation {unknown}
 k - a potion of magic {unknown}
 x - a potion of invisibility {unknown}
 A - 2 potions of brilliance
 H - a potion of ambrosia
 I - a potion of haste {unknown}
Comestibles
 d - 10 rations


   Skills:
 * Level 7.3 Fighting
 - Level 2.0 Staves
 - Level 1.0 Throwing
 - Level 3.0 Armour
 + Level 1.4 Dodging
 - Level 6.0 Stealth
   Level 2.0 Hexes
   Level 1.0 Necromancy
 - Level 8.2 Invocations


You had 8 spell levels left.
You didn't know any spells.

Dungeon Overview and Level Annotations

Branches:
Dungeon (7/15)             Temple (0/1) D:5

Altars:
Hepliaklqana
Ru
Vehumet
Zin
The Shining One

Shops:
D:4 ((=   D:7 (!


Innate Abilities, Weirdness & Mutations

You cannot wear boots.
Your serpentine skin is tough. (AC +3)
You have supernaturally acute eyesight. (SInv)
Armour fits poorly on your strangely shaped body.
Your system is resistant to poisons. (rPois)
You cover ground very slowly.
You have a slow metabolism.
You can spit poison.


Message History

The two-headed ogre is severely wounded.
The two-headed ogre hits you with a giant club!!
The two-headed ogre hits you with a giant club!
Okay, then.
You feel much better.
The two-headed ogre hits you with a giant club!
The two-headed ogre hits you but does no damage.
You feel much better.
You hit the two-headed ogre.
The two-headed ogre is almost dead.
The two-headed ogre hits you with a giant club!!
The two-headed ogre hits you with a giant club.
You are confused.
You feel invigorated.
The two-headed ogre hits you with a giant club! x2
* * * LOW HITPOINT WARNING * * *
You bump into the rock wall.
The two-headed ogre is lost in a daze.
You bump into the rock wall.
The two-headed ogre hits you with a giant club!!
You die...

#. . #. . #.
O# ##.###.
#..(.. ##
#..). .# #..(#
.# #O# .# #@#
##.##
#)####...#####
#......#......
######...#
##.#####.#
#.......#
#..###### #..#
#..#


You could see a two-headed ogre (dazed).

Vanquished Creatures
  Grinder Eustachio
  The ghost of TryExcept the Vexing, an amateur HuAM
  An orc warrior
  3 ogres
  A black bear
  A phantom
  2 bullfrogs
  A gnoll sergeant
  3 killer bees
  2 crimson imps
  2 hounds
  2 jellies
  2 orc priests
  An orc wizard
  2 bullfrog skeletons
  A gnoll shaman
  2 iguanas
  A worker ant
  A killer bee zombie
  A hound skeleton
  2 worker ant zombies
  5 adders
  4 gnolls
  A shadow imp
  An adder zombie
  An adder skeleton
  2 worms
  A dart slug
  5 leopard geckos
  23 orcs
  2 ball pythons
  5 bats
  5 giant cockroaches
  2 goblins
  3 hobgoblins
  6 jackals
  3 quokkas
  6 frilled lizards
  8 kobolds
  2 quokka skeletons
  9 rats
128 creatures vanquished.

Notes
Turn   | Place    | Note
-------+----------+-------------------------------------------
     0 | D:1      | MysteriousStreaker the Naga Wanderer began the quest for the Orb.
     0 | D:1      | MysteriousStreaker set off with: a +2 quarterstaff, 2 scrolls of teleportation, a +0 robe, a ration
     0 | D:1      | Reached XP level 1. HP: 19/19 MP: 1/1
   115 | D:1      | HP: 1/19 [kobold (3)]
   459 | D:1      | Reached skill level 2 in Stealth
   629 | D:1      | Reached XP level 2. HP: 27/27 MP: 2/2
  1092 | D:1      | Reached skill level 3 in Fighting
  1105 | D:1      | Reached XP level 3. HP: 34/34 MP: 3/3
  1333 | D:2      | Reached skill level 3 in Stealth
  1356 | D:2      | Found a glowing golden altar of the Shining One.
  2031 | D:2      | Found a glowing silver altar of Zin.
  2038 | D:2      | Became a worshipper of Zin the Law-Giver
  2169 | D:3      | Reached XP level 4. HP: 43/43 MP: 4/4
  2454 | D:3      | Upgraded the game from 0.22-a0-283-g1871b151c7 to 0.22-a0-284-g99d1f7439c
  2705 | D:3      | Found a hazy altar of Hepliaklqana.
  2809 | D:3      | Reached skill level 4 in Fighting
  2825 | D:3      | Reached skill level 4 in Stealth
  2825 | D:3      | Reached XP level 5. HP: 42/50 MP: 5/5
  3250 | D:4      | Noticed an ogre
  3272 | D:3      | Found a radiant altar of Vehumet.
  3617 | D:4      | Noticed TryExcept's ghost (amateur HuAM)
  3633 | D:4      | Noticed an ogre
  3765 | D:4      | Noticed Grinder
  3808 | D:4      | Killed Grinder
  3808 | D:4      | Reached skill level 5 in Fighting
  3808 | D:4      | Reached skill level 5 in Stealth
  3808 | D:4      | Reached XP level 6. HP: 53/62 MP: 6/6
  3818 | D:4      | Reached skill level 6 in Stealth
  3836 | D:4      | Reached skill level 6 in Fighting
  3843 | D:4      | Donated 37 gold pieces to Zin
  3920 | D:4      | Reached XP level 7. HP: 70/70 MP: 7/7
  3970 | D:4      | Killed TryExcept's ghost
  3970 | D:4      | Reached skill level 1 in Armour
  3970 | D:4      | Reached skill level 1 in Invocations
  3996 | D:4      | Reached skill level 2 in Armour
  4369 | D:4      | Reached * piety under Zin
  4375 | D:4      | Noticed Eustachio
  4398 | D:4      | Killed Eustachio
  4398 | D:4      | Reached skill level 2 in Invocations
  4540 | D:4      | Reached XP level 8. HP: 78/78 MP: 9/9
  4617 | D:4      | Found Lunil's Weapon Shop.
  4619 | D:4      | Found Pecworeh's Antique Weapon Shop.
  4619 | D:4      | Found Etuakam's Jewellery Shop.
  4624 | D:4      | Found Zeoxymeisen's Book Shop.
  4730 | D:4      | Reached skill level 3 in Armour
  4732 | D:4      | Reached skill level 3 in Invocations
  4960 | D:5      | Entered Level 5 of the Dungeon
  4990 | D:5      | Found a staircase to the Ecumenical Temple.
  5304 | D:5      | Reached ** piety under Zin
  5523 | D:5      | Reached skill level 7 in Fighting
  5582 | D:5      | You fall through a shaft for 2 floors!
  5596 | D:7      | Found a sacrificial altar of Ru.
  5617 | D:7      | Reached skill level 4 in Invocations
  5891 | D:6      | Reached skill level 5 in Invocations
  6096 | D:6      | Reached skill level 6 in Invocations
  6467 | D:6      | Got a brightly glowing scale mail
  6468 | D:6      | Identified the +1 scale mail of Poor Excuses {rPois rN+} (You found it on level 6 of the Dungeon)
  6473 | D:6      | Reached *** piety under Zin
  6514 | D:6      | Reached skill level 7 in Invocations
  6829 | D:7      | Found Piapnosm's Distillery.
  6835 | D:7      | Reached XP level 9. HP: 86/86 MP: 14/14
  6859 | D:7      | Bought a potion of might for 40 gold pieces
  6859 | D:7      | Bought a potion of ambrosia for 80 gold pieces
  6859 | D:7      | Bought a potion of heal wounds for 50 gold pieces
  6889 | D:7      | Found Qesicysask's Antique Weapon Emporium.
  7090 | D:7      | Reached skill level 8 in Invocations
  7301 | D:7      | Got a brightly glowing hunting sling
  7319 | D:7      | Noticed a two-headed ogre
  7333 | D:7      | HP: 8/86 [two-headed ogre/giant club (16)]
  7335 | D:7      | Mangled by a two-headed ogre

Vault maps used:
D:1:      dpeg_arrival_court
D:2:      old_standard_altar, zin_academy
D:3:      old_standard_altar, nicolae_overflow_hidden_temple, first_ration
D:4:      minmay_shop_grid_forest, uniq_eustachio, uniq_grinder
D:5:      minmay_temple_entry_large_hall
D:6:      kennysheep_generic_room_5
D:7:      kennysheep_little_box, lemuel_crystal_altar, marbit_many_paths,
          serial_shops, shop_fountains, shop, nicolae_shop_crystal

Skill      XL: |  1  2  3  4  5  6  7  8  9 |
---------------+----------------------------+-----
Stealth        | 2 3 4 5 6 |  6.0
Fighting       | 3 4 5 6 7 |  7.3
Armour         | 2 3 |  3.0
Invocations    | 2 7 8 |  8.2
Staves         | |  2.0
Throwing       | |  1.0
Dodging        | |  1.4
Hexes          | |  2.0
Necromancy     | |  1.0

Action                   |  1- 3 |  4- 6 |  7- 9 || total
-------------------------+-------+-------+-------++-------
Melee: Quarterstaff      |    47 |    59 |   192 ||   298
Throw: Stone             |    15 |    23 |    73 ||   111
Invok: Donate Gold       |       |     1 |       ||     1
       Recite            |       |       |     5 ||     5
 Abil: Spit Poison       |    35 |    35 |    44 ||   114
Evoke: Wand              |       |     2 |     6 ||     8
  Use: Scroll            |     2 |       |     6 ||     8
       Potion            |       |     2 |     5 ||     7
 Stab: Distracted        |       |     1 |       ||     1
  Eat: Chunk             |     5 |     5 |     5 ||    15
       Ration            |       |       |     2 ||     2
Armor: Robe              |     2 |       |       ||     2
       Ring mail         |     2 |    17 |    10 ||    29
       Scale mail        |       |       |   114 ||   114
Dodge: Dodged            |    24 |    34 |    87 ||   145

Table legend:
 A = Spawn XP
 B = Non-spawn XP
 C = Spawn XP percentage of total XP
 D = Spawn monster count
 E = Non-spawn monster count
 F = Spawn count percentage of total count
 G = Total turns spent on level
                    A         B        C        D         E        F      G
               +---------+---------+-------+---------+---------+-------+---------
         Total |       0 |    2918 |   0.0 |       0 |     128 |   0.0 |  7335
               +---------+---------+-------+---------+---------+-------+---------
           D:1 |       0 |      41 |   0.0 |       0 |      25 |   0.0 |  1290
           D:2 |       0 |      35 |   0.0 |       0 |      11 |   0.0 |   842
           D:3 |       0 |     102 |   0.0 |       0 |      22 |   0.0 |  1401
           D:4 |       0 |    1192 |   0.0 |       0 |      32 |   0.0 |  1427
           D:5 |       0 |     158 |   0.0 |       0 |       8 |   0.0 |   624
           D:6 |       0 |     622 |   0.0 |       0 |      12 |   0.0 |  1008
           D:7 |       0 |     768 |   0.0 |       0 |      18 |   0.0 |   743
               +---------+---------+-------+---------+---------+-------+---------
